 Dungeon Crawl Stone Soup version 0.24.0-2-g5b39cebb1c (webtiles) character file.

Game seed: 4957241171271823040, levelgen mode: deterministic

413972 Monsterracer the Warrior (level 22, -11/161 HPs)
             Began as a Deep Dwarf Fighter on Oct 31, 2019.
             Was the Champion of Makhleb.
             Mangled by an Orb Guardian (15 damage)
             ... on level 5 of the Realm of Zot.
             The game lasted 00:33:02 (24467 turns).

Monsterracer the Warrior (Deep Dwarf Fighter)      Turns: 24467, Time: 00:33:02

Health: -11/161    AC: 30    Str: 21 (25) XL:     22   Next: 20%
Magic:  0/0        EV:  9    Int: 13      God:    Makhleb [******]
Gold:   1903       SH: 16    Dex: 12      Spells: 21/21 levels left

rFire    + + +     SeeInvis .   a - +9 broad axe (chop)
rCold    . . .     Gourm    .   o - +0 shield
rNeg     + . .     Faith    .   k - +1 gold dragon scales "Kaapur" {rPois rF+ rC+ Dex+2}
rPois    +         Spirit   .   j - +0 hat "Nasma Val" {rPois rF+ Int+3 Stlth-}
rElec    .         Reflect  +   T - +1 cloak
rCorr    .         Harm     .   q - +2 pair of gloves
MR       ++++.     Rnd*Rage +   P - +4 pair of boots of the Ward {rPois} Stlth ..........Rnd*Tele +
                                e - +2 amulet of reflection
HPRegen  0.00/turn              L - ring of fire
MPRegen  0.07/turn              M - ring of protection from magic

@: berserk cooldown, non-regenerating, slowed, very slow
A: damage resistance, heal wounds, berserk 2, blurry vision 1, clumsy 1,
deformed body, deterioration 2, frail 3, low mp 3, negative energy resistance 1,
sense surroundings 3, screaming 1, teleportitis 1, weak 2, no potion heal 1,
subdued magic 2, no regeneration
}: 3/15 runes: barnacled, silver, gossamer
a: Heal Wounds, Minor Destruction, Lesser Servant of Makhleb, Major Destruction,
Greater Servant of Makhleb, Renounce Religion


You were on level 5 of the Realm of Zot.
You worshipped Makhleb.
Makhleb was exalted by your worship.
You were not hungry.

You visited 9 branches of the dungeon, and saw 44 of its levels.
You visited 1 bazaar.

You collected 2834 gold pieces.
You spent 931 gold pieces at shops.

Inventory:

Hand Weapons
 a - a +9 broad axe of chopping (weapon)
   (You took it off an orc high priest on level 2 of the Orcish Mines)
Missiles
 O - 7 throwing nets (quivered) {!f}
Armour
 j - the +0 hat "Nasma Val" (worn) {rPois rF+ Int+3 Stlth-}
   (You acquired it on level 14 of the Dungeon)

   It affects your intelligence (+3).
   It protects you from fire.
   It protects you from poison.
   It makes you less stealthy.
 k - the +1 gold dragon scales "Kaapur" (worn) {rPois rF+ rC+ Dex+2}
   (You found it on level 10 of the Dungeon)

   It affects your dexterity (+2).
   It protects you from fire.
   It protects you from cold.
   It protects you from poison.
 o - a +0 shield (worn)
 q - a +2 pair of gloves (worn)
   (You found it on level 3 of the Dungeon)
 u - a +2 helmet
   (You found it on level 3 of the Dungeon)
 P - the +4 pair of boots of the Ward (worn) {rPois}
   (You bought it in a shop on level 3 of the Vaults)

   It protects you from poison.
 T - a +1 cloak (worn)
   (You found it on level 15 of the Dungeon)
Jewellery
 e - a +2 amulet of reflection (around neck)
   (You bought it in a shop on level 1 of the Depths)
 s - an uncursed ring of resist corrosion
   (You found it on level 1 of the Shoals)
 C - an uncursed ring of protection from cold
   (You found it on level 7 of the Dungeon)
 L - a ring of fire (left hand)
   (You found it on level 3 of the Lair of Beasts)
 M - a ring of protection from magic (right hand)
   (You found it on level 3 of the Dungeon)
 S - an uncursed ring of see invisible
   (You found it on level 7 of the Dungeon)
Wands
 b - a wand of clouds (3)
   (You found it on level 1 of the Shoals)
 l - a wand of digging (9)
   (You found it on level 14 of the Dungeon)
 A - a wand of scattershot (3)
   (You found it on level 10 of the Dungeon)
 B - a wand of iceblast (25)
   (You took it off Pikel on level 8 of the Dungeon)
 J - a wand of acid (23)
   (You found it on level 12 of the Dungeon)
Scrolls
 f - 13 scrolls of identify
 m - a scroll of magic mapping
 n - 6 scrolls of immolation {!r}
 r - 13 scrolls of remove curse
 t - 7 scrolls of teleportation {!r}
 w - 3 scrolls of noise
 N - a scroll of holy word
 R - 3 scrolls of fear {!r}
 W - a scroll of fog
 X - 2 scrolls of blinking
Potions
 g - 2 potions of cancellation
 h - a potion of haste
 x - 10 potions of curing
 z - 5 potions of brilliance
 E - 3 potions of lignification
 F - 5 potions of magic
 G - 4 potions of flight
 Q - 2 potions of invisibility
 Y - a potion of resistance
 Z - 2 potions of ambrosia {!q}
Miscellaneous
 y - 2 sacks of spiders
 D - a phantom mirror
 H - a fan of gales
   (You found it on level 10 of the Dungeon)
 K - a phial of floods
   (You found it on level 3 of the Lair of Beasts)
 V - a box of beasts
Comestibles
 c - 31 rations


   Skills:
 * Level 20.8 Fighting
 + Level 19.4 Axes
 + Level 20.0 Armour
 + Level 8.7 Dodging
 - Level 15.0 Shields
 - Level 16.8 Invocations


You had 21 spell levels left.
You didn't know any spells.
Your spell library contained the following spells:

 Spells                   Type           Power        Failure   Level  Hunger
 Animate Skeleton         Necr           N/A          99%         1    ##.....
 Apportation              Tloc           #.....       99%         1    ##.....
 Confusing Touch          Hex            #.....       99%         1    ##.....
 Corona                   Hex            #......      99%         1    ##.....
 Magic Dart               Conj           #...         99%         1    ##.....
 Sandblast                Erth           #.....       99%         1    ##.....
 Sting                    Conj/Pois      #...         99%         1    ##.....
 Summon Butterflies       Summ           #.......     99%         1    ##.....
 Summon Small Mammal      Summ           #...         99%         1    ##.....
 Blink                    Tloc           N/A          100%        2    ###....
 Call Imp                 Summ           #.......     100%        2    ###....
 Ensorcelled Hibernation  Hex/Ice        #.....       100%        2    ###....
 Passwall                 Tmut/Erth      #.......     100%        2    ###....
 Poisonous Vapours        Pois/Air       #.....       100%        2    ###....
 Slow                     Hex            #.......     100%        2    ###....
 Throw Frost              Conj/Ice       #.....       100%        2    ###....
 Call Canine Familiar     Summ           #.......     100%        3    ####...
 Confuse                  Hex            #.......     100%        3    ####...
 Conjure Flame            Conj/Fire      #.......     100%        3    ####...
 Dazzling Spray           Conj/Hex       #.....       100%        3    ####...
 Lesser Beckoning         Tloc           #.........   100%        3    ####...
 Mephitic Cloud           Conj/Pois/Air  #.......     100%        3    ####...
 Recall                   Summ/Tloc      N/A          100%        3    ####...
 Summon Guardian Golem    Hex/Summ       #.......     100%        3    ####...
 Tukima's Dance           Hex            #.......     100%        3    ####...
 Animate Dead             Necr           N/A          100%        4    #####..
 Ice Form                 Ice/Tmut       #.......     100%        4    #####..
 Olgreb's Toxic Radiance  Pois           #.......     100%        4    #####..
 Petrify                  Tmut/Erth      #.......     100%        4    #####..
 Summon Ice Beast         Ice/Summ       #.......     100%        4    #####..
 Summon Lightning Spire   Summ/Air       #.......     100%        4    #####..
 Alistair's Intoxication  Tmut/Pois      #.......     100%        5    ######.
 Borgnjor's Vile Clutch   Necr/Erth      #.........   100%        5    ######.
 Irradiate                Conj/Tmut      #.........   100%        5    ######.
 Metabolic Englaciation   Hex/Ice        #.........   100%        5    ######.
 Silence                  Hex/Air        #.........   100%        5    ######.
 Venom Bolt               Conj/Pois      #.........   100%        5    ######.
 Darkness                 Hex            #.........   100%        6    #######
 Death Channel            Necr           #.........   100%        6    #######
 Invisibility             Hex            #.......     100%        6    #######
 Shadow Creatures         Summ           N/A          100%        6    #######
 Simulacrum               Ice/Necr       #.........   100%        6    #######


Dungeon Overview and Level Annotations

Branches:
Dungeon (15/15)            Temple (1/1) D:7            Lair (3/6) D:8
 Shoals (4/4) Lair:3       Spider (4/4) Lair:2          Orc (2/2) D:10
    Elf (0/3) Orc:2        Vaults (5/5) D:13         Depths (5/5) D:15
    Zot (5/5) Depths:5
  Crypt: Vaults:2-3

Altars:
Ashenzari
Cheibriados
Dithmenos
Elyvilon
Gozag
Makhleb
Nemelex Xobeh
Okawaru
Qazlal
Ru
Sif Muna
Uskayaw
Yredelemnul
Beogh

Shops:
D:4 :   D:9 :   Orc:2 [[*}   Vaults:3 [   Vaults:5 ?   Depths:1 }==

Portals:
Hell: Depths:3
Pandemonium: Depths:3

Annotations:
D:10 1 runed translucent door, Tallon's ghost, novice DsFi
Lair:3 exclusion: 4 oklob plants


Innate Abilities, Weirdness & Mutations

You are resistant to damage.
You can heal yourself by infusing magical energy.
You resist negative energy. (rN+)
You passively map a large area around you.
You do not regenerate.
You often lose your temper in combat.
Scrolls take you a little longer to read.
You are clumsy. (Dex -2)
Armour fits poorly on your strangely shaped body.
Your body often deteriorates upon taking damage.
You are extremely frail. (-30% HP)
Your magical capacity is extremely low. (-30% MP)
You occasionally shout uncontrollably at your foes.
You are occasionally teleported next to monsters.
You are very weak. (Str -4)
Potions are less effective at restoring your health.
Your spells are easier to cast, but less powerful.


Message History

The orb of fire glows yellow.
The fireball explodes!
The fireball engulfs you! You resist.
* * * LOW HITPOINT WARNING * * *
The orb of fire glows bright magenta.
Strange energies course through your body.
You feel the urge to shout.
Really quaff
I - a potion of berserk rage {!q}?
A red film seems to cover your vision as you go berserk!
You feel yourself moving faster!
You feel mighty!
You feel yourself speed up.
The orb of fire emits a lurid red light.
Strange energies course through your body.
You closely miss the orb of fire.
The orb of fire is lightly damaged.
The orb of fire glows red.
Strange energies course through your body.
Your vision blurs.
You slash the orb of fire!
The orb of fire is moderately damaged.
You slash the orb of fire!
The orb of fire is moderately damaged.
The orb of fire glows yellow.
The bolt of fire hits you! You resist.
* * * LOW HITPOINT WARNING * * *
Your gold dragon scales "Kaapur" prevents you from hitting the orb of fire.
The orb of fire is moderately damaged.
You closely miss the orb of fire.
The orb of fire is moderately damaged.
The orb of fire glows yellow.
The fireball explodes!
The fireball engulfs you! You resist.
* * * LOW HITPOINT WARNING * * *
The fireball engulfs the orb of fire.
The orb of fire completely resists.
You slice the orb of fire!!
The orb of fire is heavily damaged.
You closely miss the orb of fire.
The orb of fire is heavily damaged.
You slash the orb of fire!
The orb of fire is heavily damaged.
You barely miss the orb of fire.
The orb of fire is heavily damaged.
The orb of fire glows deep purple.
The bolt of fire hits you! You resist.
* * * LOW HITPOINT WARNING * * *
You miss the orb of fire.
The orb of fire is heavily damaged.
You slice the orb of fire!!
The orb of fire is severely damaged.
The orb of fire emits a lurid red light.
Strange energies course through your body.
Your system partially rejects the healing effects of potions.
You closely miss the orb of fire.
The orb of fire is severely damaged.
The orb of fire glows deep purple.
The bolt of fire hits you! You resist.
* * * LOW HITPOINT WARNING * * *
You slice the orb of fire!!
The orb of fire is almost destroyed.
You slice the orb of fire!!
You destroy the orb of fire!
Makhleb accepts your kill.
You feel better.
You feel your strength returning.
You feel a strong urge to attack something.
The electric golem blinks!
You are no longer berserk.
You are exhausted.
You feel yourself slow down.
An Orb Guardian comes into view.
You slice the Orb Guardian!!
The Orb Guardian is moderately wounded.
You block the Orb Guardian's attack.
You hit the Orb Guardian but do no damage.
The Orb Guardian is moderately wounded.
The Orb Guardian barely misses you. You block the Orb Guardian's attack.
You closely miss the Orb Guardian.
The Orb Guardian is moderately wounded.
You block the Orb Guardian's attack.
You slash the Orb Guardian!
The Orb Guardian is heavily wounded.
An Orb Guardian comes into view.
The Orb Guardian hits you!
* * * LOW HITPOINT WARNING * * *
The Orb Guardian hits you!!
* * * LOW HITPOINT WARNING * * *
Your body deteriorates!
You feel weakened.
Unknown command.
You closely miss the Orb Guardian.
The Orb Guardian is heavily wounded.
You block the Orb Guardian's attack.
You barely miss the Orb Guardian.
The Orb Guardian is heavily wounded.
You block the Orb Guardian's attack.
The Orb Guardian hits you but does no damage.
You hit the Orb Guardian but do no damage.
The Orb Guardian is heavily wounded.
You block the Orb Guardian's attack.
You slash the Orb Guardian!
The Orb Guardian is heavily wounded.
You block the Orb Guardian's attack. The Orb Guardian hits you!
You die...

***,,,......$....^....▓▓
**,..............^......▓* *****
*,,......................*
,,,,***,,......................*
,,,,,**,,.....................▓*
,,,,,,*,,....................▓▓
,,,,,,,,,...................▓▓
,,,,,,*,,......X.............▓▓
,,,,,**,,......X@.............▓*
,,,,***,,........!.............*
***** *,,......^...............*
**,.....^..)............▓*
**▓..........*..).....▓*
▓▓▓▓.......^.......▓*
#▓▓▓▓▓▓▓▓▓▓▓##..).8▓▓
###...................#*
##?...##.^...[.^........#*


You could see an orb of fire and 2 Orb Guardians.

Vanquished Creatures
  4 orbs of fire (Zot:4 Zot:5)
  2 ancient liches (Zot:5)
  A shard shrike (Zot:4)
  2 Killer Klowns (Zot:5)
  A curse toe (Zot:4)
  5 caustic shrikes (Depths:3)
  A large abomination (Vaults:5)
  Nikola (Depths:2)
  2 golden dragons (Vaults:5 Depths:5)
  A bone dragon (Depths:5)
  Arachne (Spider:4)
  3 tentacled monstrosities (Vaults:5)
  Rupert (Vaults:1)
  2 liches (Vaults:4 Depths:2)
  13 Orb Guardians (Zot:5)
  5 titans (Vaults:5)
  2 quicksilver dragons (Vaults:5 Zot:4)
  A death cob (Zot:5)
  2 sphinxes (Vaults:5 Depths:2)
  Agnes (Spider:4)
  A draconian monk (Depths:5)
  2 tengu reavers (Vaults:5)
  8 storm dragons (Vaults:5 Depths:5 Zot:4 Zot:5)
  2 shadow dragons (Vaults:5 Zot:4)
  Ilsuiw (Shoals:4)
  An iron dragon (Vaults:5)
  3 fire giants (Vaults:4 Depths:2 Depths:4)
  2 deep elf sorcerers (Vaults:5)
  3 frost giants (Vaults:3 Depths:3 Depths:4)
  3 draconian scorchers (Depths:5 Zot:4)
  4 ghost moths (Spider:4)
  5 vault wardens (Vaults:1 Vaults:5)
  An orc warlord (Orc:2)
  5 emperor scorpions (Spider:3 Spider:4)
  A draconian stormcaller (Zot:4)
  3 draconian shifters (Depths:5 Zot:4)
  A deep elf elementalist (Vaults:5)
  A draconian annihilator (Zot:4)
  6 very ugly things (Vaults:5 Depths:5)
  7 ironheart preservers (Vaults:1 Vaults:3 Vaults:4 Vaults:5)
  An entropy weaver (shapeshifter) (Vaults:5)
  A war gargoyle (Vaults:5)
  2 vampire knights (Depths:3 Depths:5)
  17 stone giants (Vaults:5 Depths:3 Depths:5)
  2 entropy weavers (Spider:4 Vaults:5)
  2 deep elf demonologists (Vaults:5)
  A green draconian (Depths:5)
  2 black draconians (Depths:5 Zot:4)
  Azrael (D:15)
  A deep elf annihilator (Vaults:5)
  3 red draconians (Depths:5 Zot:4)
  2 yellow draconians (Depths:5)
  3 white draconians (Depths:5 Zot:4)
  A dire elephant (Lair:2)
  2 merfolk javelineers (Shoals:4)
  4 spark wasps (Spider:4 Depths:5)
  A deep elf death mage (Vaults:5)
  7 ettins (Vaults:5 Depths:1 Depths:2 Depths:3 Depths:5)
  5 yaktaur captains (Vaults:4 Vaults:5 Depths:2)
  2 fire dragons (Depths:2 Depths:5)
  5 ogre magi (Vaults:4 Vaults:5 Depths:2)
  4 small abominations (Vaults:5)
  7 merfolk impalers (Shoals:4 Shoals:3)
  Harold (D:8)
  2 deep elf high priests (Vaults:5)
  A rakshasa (D:15)
  2 spriggan air magi (Depths:3 Depths:5)
  A great orb of eyes (shapeshifter) (Vaults:5)
  5 hydras (Lair:2 D:11 D:13 D:15)
  27 vault guards (Vaults:1 Vaults:5)
  An ice dragon (Vaults:5)
  5 merfolk avatars (Shoals:4)
  A centaur warrior (Vaults:3)
  A death knight (Vaults:5)
  2 alligator snapping turtles (Shoals:4)
  6 merfolk aquamancers (Shoals:3 Shoals:4)
  2 satyrs (Shoals:2 Shoals:3)
  21 two-headed ogres (Orc:2 D:11 D:12 D:13 D:15)
  5 death yaks (Lair:3)
  5 tengu warriors (D:15 Depths:3)
  5 deep troll shamans (Vaults:3 Vaults:5 Depths:1 Depths:2 Depths:4)
  Urug (D:10)
  4 orc high priests (Orc:2)
  4 deep troll earth magi (Vaults:3 Depths:2 Depths:4)
  2 spriggan berserkers (Depths:2)
  A deep elf knight (Vaults:5)
  5 hell knights (Vaults:5)
  5 skeletal warriors (Vaults:1)
  A shadow wraith (Vaults:3)
  An iron troll (Depths:4)
  8 sea snakes (Shoals:1 Shoals:3 Shoals:4)
  17 deep trolls (Vaults:3 Vaults:5 Depths:1 Depths:2 Depths:4)
  Pikel (D:8)
  3 unseen horrors (D:10 D:12 D:15)
  2 shadow dragon zombies (Vaults:5)
  3 wizards (D:13 D:15 D:14)
  A kraken simulacrum (Shoals:4)
  An orange crystal statue (D:14)
  3 ironbrand convokers (Vaults:1 Vaults:5)
  4 phantasmal warriors (Vaults:5)
  10 orc knights (Orc:1 Orc:2 Vaults:1 Vaults:3 Vaults:5)
  4 necromancers (D:13 D:15 Vaults:5)
  16 orb spiders (Lair:2 Spider:2 Spider:3 Spider:4 Spider:1)
  3 fauns (Shoals:2 Shoals:1)
  9 harpies (Shoals:4)
  A tengu skeleton (Vaults:5)
  6 orc sorcerers (Orc:1 Orc:2 D:15 Vaults:1)
  30 wolf spiders (Spider:1 Spider:2 Spider:3 Spider:4 Vaults:4)
  22 ugly things (D:15 D:14 Vaults:3 Depths:5)
  A mana viper (shapeshifter) (Vaults:4)
  8 deep elf magi (D:10 D:15 Vaults:5)
  6 cyclopes (Orc:2 D:15 Shoals:1 Shoals:4 Vaults:1)
  A shining eye (shapeshifter) (Vaults:5)
  10 manticores (D:15 D:14 Shoals:2 Shoals:3 Shoals:4)
  3 moths of wrath (Spider:2 Zot:4)
  13 elephants (Lair:2)
  7 merfolk sirens (Shoals:2 Shoals:4)
  Maurice (D:10)
  A black mamba (Lair:3)
  A naga mage (D:15)
  3 water nymphs (Shoals:2 Shoals:4)
  4 vault sentinels (Vaults:1 Vaults:4 Vaults:5)
  Psyche (D:10)
  5 torpor snails (Lair:1 Lair:3)
  4 spiny frogs (Lair:1 Lair:2 Lair:3)
  6 centaur skeletons (D:14 D:15)
  2 gargoyles (D:10 D:15)
  An ice statue (D:14)
  2 komodo dragons (D:8 Lair:3)
  12 yaktaurs (Vaults:1 Vaults:4 Vaults:5 Depths:2)
  An efreet (D:15)
  3 freezing wraiths (Vaults:5)
  A yaktaur skeleton (Vaults:5)
  3 demonic crawlers (Spider:1 Spider:4)
  A troll (shapeshifter) (Depths:3)
  2 meliai (Spider:4)
  31 merfolk (Shoals:1 Shoals:2 Shoals:3 Shoals:4)
  16 trolls (D:9 D:10 Orc:1 Orc:2 D:11)
  25 jumping spiders (Spider:1 Spider:2 Spider:3 Spider:4)
  2 jumping spiders (shapeshifter) (D:15 Depths:5)
  A queen bee (shapeshifter) (Vaults:5)
  4 wind drakes (Shoals:1 Shoals:3 Shoals:4)
  A wind drake (shapeshifter) (Vaults:1)
  Grinder (D:5)
  4 blink frogs (Lair:1)
  6 hippogriffs (D:8 D:10 Lair:1 Lair:2)
  22 slime creatures (D:12 Vaults:3 Depths:2 Depths:3 Depths:4)
  7 hornets (D:10 Spider:3 Spider:4 Vaults:5 Vaults:4)
  2 snapping turtles (Shoals:3 Shoals:4)
  A fire giant simulacrum (Vaults:5)
  11 dream sheep (D:13 Shoals:1 Shoals:4)
  6 water elementals (Shoals:3 Depths:1 Depths:5)
  27 tarantellas (Spider:1 Spider:2 Spider:3 Spider:4)
  22 yaks (D:10 Lair:2 Lair:3 D:12 D:13)
  55 redbacks (Spider:1 Spider:2 Spider:3 Spider:4)
  3 spriggans (Lair:2 Depths:2)
  A centaur simulacrum (D:15)
  A tarantella (shapeshifter) (Vaults:5)
  A vampire (D:11)
  4 wyverns (D:12 D:13 D:14 D:15)
  Grum (D:10)
  2 wraiths (D:15 Vaults:1)
  4 fire elementals (D:15)
  3 hungry ghosts (D:7 D:8)
  2 acid dragons (D:14)
  8 wargs (Orc:1 Orc:2)
  2 hell hounds (D:15)
  2 hydra simulacra (Zot:4)
  8 water moccasins (D:10 Lair:1 Lair:2 Lair:3)
  5 porcupines (Lair:1 Lair:2)
  A black bear (shapeshifter) (Depths:2)
  6 sky beasts (D:5 D:8 D:9 D:10 D:14)
  52 orc warriors (D:9 D:10 Orc:1 Orc:2 D:11)
  2 eyes of draining (D:9 D:12)
  3 ice beasts (D:10 D:13)
  A black bear (D:9)
  A phantom (D:13)
  3 slaves (D:8)
  2 wolves (D:10)
  36 ogres (D:4 D:5 D:6 D:7 D:8)
  A boggart (shapeshifter) (Depths:5)
  6 boggarts (D:14 Depths:1)
  18 centaurs (D:9 D:10 Lair:3 D:11 D:15)
  6 crocodiles (D:10 Lair:1 Lair:2 Lair:3)
  4 big kobolds (D:13 D:14)
  19 bullfrogs (D:5 D:6 D:9 D:10 Lair:1)
  A wyvern zombie (D:10)
  A wyvern skeleton (D:13)
  7 scorpions (D:3 D:6 D:9 D:10 D:13)
  8 killer bees (D:9 D:11)
  4 wights (D:9)
  2 electric eels (Spider:2 Spider:4)
  7 howler monkeys (D:5 D:7 D:8 D:9)
  6 crimson imps (D:6 D:11 D:12 D:14)
  4 centaur zombies (D:6 D:10 D:15)
  12 hounds (D:4 D:6 D:9 D:10 D:11)
  7 jellies (D:5 D:9 D:11 D:12 D:15)
  4 bullfrog zombies (D:8 D:11 D:12 D:13)
  A quasit (D:10)
  45 orc priests (D:3 D:5 D:6 D:7 D:9)
  A bullfrog skeleton (D:7)
  3 iguanas (D:3 D:4 D:6)
  29 orc wizards (D:4 D:5 D:6 D:9 D:10)
  19 worker ants (D:4 D:7 D:8 D:9 D:10)
  A killer bee zombie (D:9)
  A hound skeleton (D:10)
  4 gnolls (D:2)
  10 adders (D:2 D:4 D:5 D:7 D:9)
  A river rat (shapeshifter) (Vaults:5)
  3 shadow imps (D:10 D:14 Depths:3)
  3 oozes (D:2 D:5)
  3 adder zombies (D:5 D:8)
  3 adder skeletons (D:4 D:8 D:9)
  3 worms (D:2 D:3 D:6)
  6 leopard geckos (D:3 D:5 D:7 D:10)
  120 orcs (D:3 D:4 D:5 D:6 D:7)
  6 giant cockroaches (D:1 D:2 D:3)
  6 goblins (D:1 D:2 D:3)
  5 hobgoblins (D:1 D:3)
  7 jackals (D:1 D:4)
  12 kobolds (D:1 D:2 D:3 D:14)
  9 quokkas (D:4 D:5 D:6 D:8 D:10)
  2 ball pythons (D:1 D:4)
  3 bats (D:2 D:3)
  6 frilled lizards (D:1 D:2 D:3)
  A giant cockroach zombie (D:4)
  A jackal skeleton (D:7)
  A jackal zombie (D:5)
  4 rats (D:2 D:3)
  6 crawling corpses (Vaults:5)
  2 fungi (Lair:2)
1393 creatures vanquished.

Vanquished Creatures (collateral kills)
  2 golden dragons (Vaults:5)
  A ghost moth (Spider:4)
  An emperor scorpion (Spider:4)
  A spark wasp (Spider:4)
  A white draconian (Zot:4)
  2 merfolk javelineers (Shoals:4)
  2 deep elf high priests (Vaults:5)
  3 yaktaurs (Vaults:5)
  4 hornets (Spider:4)
  A merfolk (Shoals:4)
  A redback (Spider:4)
19 creatures vanquished.

Vanquished Creatures (others)
  A lich (Depths:2)
  A stone giant (Depths:2)
  A meliai (Spider:4)
  A boggart (Depths:1)
  8 fungi (Lair:2 Lair:3)
  10 plants (D:8 Lair:1 Lair:3 Depths:1)
  6 tentacles (Shoals:4)
28 creatures vanquished.

Grand Total: 1440 creatures vanquished

Notes
Turn   | Place    | Note
-------+----------+-------------------------------------------
     0 | D:1      | Monsterracer the Deep Dwarf Fighter began the quest for the
                  | Orb.
     0 | D:1      | Reached XP level 1. HP: 20/20 MP: 1/1
   318 | D:1      | Reached XP level 2. HP: 25/27 MP: 2/2
   943 | D:2      | Reached XP level 3. HP: 20/33 MP: 3/3
   988 | D:2      | HP: 13/34 [gnoll/+0 spear (5)]
   994 | D:2      | Reached XP level 4. HP: 13/42 MP: 4/4
  1379 | D:2      | You fall into a shaft and drop 1 floor!
  1522 | D:3      | Reached XP level 5. HP: 33/49 MP: 5/5
  1732 | D:3      | HP: 22/49 [orc priest/divine providence (6)]
  1742 | D:3      | HP: 14/49 [orc priest/divine providence (8)]
  2040 | D:4      | Reached XP level 6. HP: 35/56 MP: 5/5
  2182 | D:4      | Found Pyrexa's Book Shop.
  2277 | D:4      | Reached skill level 5 in Axes
  2302 | D:4      | Reached skill level 5 in Armour
  2302 | D:4      | Reached skill level 5 in Shields
  2302 | D:4      | Reached XP level 7. HP: 40/64 MP: 6/6
  2399 | D:4      | HP: 19/64 [ogre/+0 giant club (14)]
  2413 | D:4      | HP: 16/64 [ogre/+0 giant club (20)]
  2414 | D:4      | HP: 3/64 [ogre/+0 giant club (13)]
  2792 | D:5      | Entered Level 5 of the Dungeon
  2817 | D:5      | Reached XP level 8. HP: 45/73 MP: 6/6
  2866 | D:5      | Noticed Grinder
  2900 | D:5      | Killed Grinder
  2972 | D:5      | Found a sacrificial altar of Ru.
  3073 | D:5      | Reached skill level 5 in Fighting
  3719 | D:6      | HP: 36/74 [orc priest/divine providence (10)]
  3728 | D:6      | HP: 34/75 [bullfrog (2)]
  3733 | D:6      | Gained mutation: You passively map the area around you.
                  | [Deep Dwarf growth]
  3733 | D:6      | Reached XP level 9. HP: 67/81 MP: 6/6
  3741 | D:6      | Got a crude plate armour
  3752 | D:6      | Identified the +5 plate armour of Sin {+Fly Dex+6} (You
                  | found it on level 6 of the Dungeon)
  4475 | D:7      | Found a staircase to the Ecumenical Temple.
  4738 | Temple   | Entered the Ecumenical Temple
  4772 | Temple   | Became a worshipper of Makhleb the Destroyer
  5047 | D:8      | Reached skill level 1 in Invocations
  5160 | D:8      | Noticed Pikel
  5179 | D:8      | Killed Pikel
  5179 | D:8      | Reached skill level 10 in Axes
  5179 | D:8      | Reached XP level 10. HP: 81/92 MP: 7/7
  5287 | D:8      | Noticed Harold
  5309 | D:8      | Killed Harold
  5428 | D:8      | Found a staircase to the Lair.
  6169 | D:9      | Reached * piety under Makhleb
  6385 | D:9      | Reached skill level 5 in Invocations
  6399 | D:9      | Found an iron altar of Okawaru.
  6408 | D:9      | Reached ** piety under Makhleb
  6465 | D:9      | Found Fumixihe's Book Shoppe.
  6666 | D:10     | Entered Level 10 of the Dungeon
  6751 | D:10     | Reached XP level 11. HP: 100/100 MP: 11/11
  6822 | D:10     | Killed an unseen horror
  6859 | D:10     | Noticed Psyche
  6864 | D:10     | Paralysed by Psyche for 4 turns
  6876 | D:10     | Killed Psyche
  6908 | D:10     | Noticed Grum
  6924 | D:10     | Killed Grum
  6983 | D:10     | Reached *** piety under Makhleb
  7032 | D:10     | Found a staircase to the Orcish Mines.
  7086 | D:10     | Noticed a deep elf mage
  7090 | D:10     | Noticed a deep elf mage
  7092 | D:10     | Noticed a deep elf mage
  7101 | D:10     | Killed a deep elf mage
  7107 | D:10     | HP: 44/102 [fire elemental[a deep elf mage] (10)]
  7108 | D:10     | Killed a deep elf mage
  7116 | D:10     | HP: 51/102 [fire elemental[a deep elf mage] (4)]
  7150 | D:10     | Killed a deep elf mage
  7242 | D:10     | Found a runed translucent door.
  7242 | D:10     | Noticed Tallon's ghost (novice DsFi)
  7257 | D:10     | Noticed Maurice
  7267 | D:10     | Killed Maurice
  7354 | D:10     | Noticed Urug
  7386 | D:10     | Killed Urug
  7445 | D:10     | Got an encrusted rapier
  7560 | D:10     | Got faintly glowing gold dragon scales
  7568 | D:10     | Identified the Almanac of the Glacier and Moulding
  7580 | D:10     | Identified the cursed +1 gold dragon scales "Kaapur" {rPois
                  | rF+ rC+ Dex+2} (You found it on level 10 of the Dungeon)
  7630 | D:10     | Reached **** piety under Makhleb
  7860 | Lair:1   | Entered Level 1 of the Lair of Beasts
  7971 | Lair:1   | Reached XP level 12. HP: 111/111 MP: 12/12
  8248 | Lair:1   | Reached skill level 10 in Armour
  8288 | Lair:1   | Reached skill level 10 in Shields
  8289 | Lair:1   | Found a snail-covered altar of Cheibriados.
  9110 | Lair:2   | Noticed a dire elephant
  9139 | Lair:2   | Killed a dire elephant
  9248 | Lair:2   | Found a hole to the Spider Nest.
  9410 | Lair:2   | Noticed a four-headed hydra
  9421 | Lair:2   | Killed a three-headed hydra
  9763 | Lair:3   | Noticed a death yak
  9763 | Lair:3   | Noticed a death yak
  9764 | Lair:3   | Noticed a death yak
  9765 | Lair:3   | Noticed a death yak
  9765 | Lair:3   | Noticed a death yak
  9793 | Lair:3   | Killed a death yak
  9793 | Lair:3   | Reached ***** piety under Makhleb
  9806 | Lair:3   | Reached XP level 13. HP: 121/121 MP: 15/15
  9861 | Lair:3   | Found a staircase to the Shoals.
 10844 | Orc:1    | Entered Level 1 of the Orcish Mines
 10865 | Orc:1    | Reached skill level 10 in Invocations
 11074 | Orc:1    | HP: 56/121 [orc priest/divine providence (7)]
 11228 | Orc:2    | Entered Level 2 of the Orcish Mines
 11351 | Orc:2    | Reached skill level 15 in Axes
 11628 | Orc:2    | Reached ****** piety under Makhleb
 11721 | Orc:2    | Found a staircase to the Elven Halls.
 11816 | Orc:2    | Noticed an orc warlord
 11835 | Orc:2    | Killed an orc warlord
 11864 | Orc:2    | Found Bidghair's Armour Boutique.
 11903 | Orc:2    | Found a roughly hewn altar of Beogh.
 12036 | Orc:2    | Found Yvojinog's Armour Shop.
 12099 | Orc:2    | Reached skill level 10 in Fighting
 12223 | Orc:2    | HP: 51/123 [orc priest/divine providence (11)]
 12236 | Orc:2    | Gained mutation: You resist negative energy. (rN+) [Deep
                  | Dwarf growth]
 12236 | Orc:2    | Reached XP level 14. HP: 62/132 MP: 16/16
 12249 | Orc:2    | Found a roughly hewn altar of Beogh.
 12255 | Orc:2    | HP: 59/132 [orc priest/divine providence (12)]
 12266 | Orc:2    | Found Woxutt's Gadget Boutique.
 12267 | Orc:2    | HP: 51/132 [orc knight/+2 great mace of crushing (12)]
 12279 | Orc:2    | HP: 47/132 [orc knight/+2 great mace of crushing (11)]
 12306 | Orc:2    | Found Modes's General Store.
 12329 | Orc:2    | Bought a scroll of teleportation for 42 gold pieces
 12329 | Orc:2    | Bought a potion of curing for 42 gold pieces
 12329 | Orc:2    | Bought a scroll of identify for 28 gold pieces
 12329 | Orc:2    | Bought a scroll of identify for 28 gold pieces
 12329 | Orc:2    | Bought a scroll of identify for 28 gold pieces
 12511 | Orc:2    | Bought a +0 pair of boots of flying for 138 gold pieces
 13066 | D:11     | Got a crystal war axe
 13110 | D:11     | Identified the +3 war axe "Geixteq" {chop, Int+3} (You
                  | found it on level 11 of the Dungeon)
 14415 | D:13     | Found a gate to the Vaults.
 15038 | D:14     | You are sucked into a shaft and drop 1 floor!
 15038 | D:15     | Entered Level 15 of the Dungeon
 15352 | D:15     | Noticed Azrael
 15377 | D:15     | Killed Azrael
 15761 | D:15     | Reached XP level 15. HP: 97/140 MP: 18/18
 15808 | D:15     | Found a staircase to the Depths.
 15906 | D:14     | Found a hide-covered altar of Uskayaw.
 16191 | D:14     | Identified 2 scrolls of acquirement
 16217 | D:14     | Got a warped hat
 16228 | D:14     | Identified the +0 hat "Nasma Val" {rPois rF+ Int+3 Stlth-}
                  | (You acquired it on level 14 of the Dungeon)
 16241 | D:14     | Got an encrusted war axe
 16242 | D:14     | Identified the +1 war axe of Broken Luck {venom, MR+} (You
                  | acquired it on level 14 of the Dungeon)
 16623 | Spider:1 | Entered Level 1 of the Spider Nest
 17197 | Spider:4 | Entered Level 4 of the Spider Nest
 17251 | Spider:4 | HP: 71/142 [emperor scorpion (11)]
 17254 | Spider:3 | HP: 31/142 [emperor scorpion (8)]
 17258 | Spider:3 | HP: 13/142 [wolf spider (11)]
 17258 | Spider:3 | HP: 4/142 [wolf spider (6)]
 17300 | Spider:3 | HP: 68/142 [wolf spider (4)]
 17305 | Spider:3 | HP: 38/142 [emperor scorpion (14)]
 17382 | Spider:4 | Reached XP level 16. HP: 119/151 MP: 20/20
 17446 | Spider:4 | Noticed Agnes
 17461 | Spider:4 | Killed Agnes
 17468 | Spider:4 | HP: 75/151 [emperor scorpion (5)]
 17473 | Spider:4 | HP: 74/151 [poisoned by an emperor scorpion]
 17480 | Spider:4 | HP: 73/151 [jumping spider (8)]
 17569 | Spider:4 | HP: 56/152 [disintegration (21)]
 17576 | Spider:4 | HP: 30/152 [disintegration (59)]
 17606 | Spider:4 | HP: 70/152 [disintegration (21)]
 17611 | Spider:4 | HP: 68/152 [something (2)]
 17616 | Spider:4 | HP: 58/152 [something (8)]
 17620 | Spider:4 | HP: 5/152 [disintegration (43)]
 17626 | Spider:4 | HP: 51/152 [disintegration (14)]
 17726 | Spider:4 | Noticed Arachne
 17784 | Spider:4 | Killed Arachne
 18048 | Spider:4 | HP: 68/152 [spark wasp (15)]
 18053 | Spider:4 | HP: 59/152 [hornet (1)]
 18059 | Spider:4 | HP: 63/152 [something (2)]
 18086 | Spider:4 | Got a gossamer rune of Zot
 18366 | Shoals:1 | Entered Level 1 of the Shoals
 18574 | Shoals:2 | Reached skill level 15 in Invocations
 18649 | Shoals:2 | You are sucked into a shaft and drop 1 floor!
 18802 | Shoals:4 | Entered Level 4 of the Shoals
 18832 | Shoals:4 | HP: 72/154 [alligator snapping turtle (17)]
 18837 | Shoals:4 | HP: 40/154 [alligator snapping turtle (27)]
 18842 | Shoals:4 | Reached XP level 17. HP: 90/162 MP: 21/21
 18879 | Shoals:4 | Identified the ring of Xom's Absentmindedness {rN+ Stlth+}
 19127 | Shoals:4 | HP: 76/163 [alligator snapping turtle (13)]
 19170 | Shoals:4 | Noticed Ilsuiw
 19185 | Shoals:4 | Reached skill level 15 in Shields
 19200 | Shoals:4 | Reached skill level 15 in Armour
 19252 | Shoals:4 | Killed Ilsuiw
 19576 | Shoals:4 | HP: 80/165 [drowned by a drowned soul[a merfolk avatar]
                  | (7)]
 19581 | Shoals:4 | HP: 66/165 [drowned by a drowned soul[a merfolk avatar]
                  | (14)]
 19670 | Shoals:4 | HP: 80/165 [merfolk javelineer/javelin (5)]
 19702 | Shoals:4 | Got a barnacled rune of Zot
 19978 | Vaults:1 | Entered Level 1 of the Vaults
 20160 | Vaults:1 | Noticed Rupert
 20175 | Vaults:1 | Killed Rupert
 20391 | Vaults:3 | Found Tuqurph's Armour Shoppe.
 20465 | Vaults:3 | Bought the +4 pair of boots of the Ward {rPois} for 535
                  | gold pieces
 20534 | Vaults:3 | Reached skill level 15 in Fighting
 20542 | Vaults:3 | Gained mutation: You passively map a large area around you.
                  | [Deep Dwarf growth]
 20542 | Vaults:3 | Reached XP level 18. HP: 178/178 MP: 20/20
 20670 | Vaults:4 | Noticed a lich
 20690 | Vaults:4 | Killed a lich
 20851 | Vaults:4 | Found a flickering gateway to a bazaar.
 20866 | Vaults:4 | HP: 89/178 [yaktaur captain/bolt (10)]
 20891 | Bazaar   | Entered a bazaar
 20897 | Bazaar   | Found Burotzaumaq's Jewellery Shop.
 20897 | Bazaar   | Found Muilego's Book Boutique.
 20912 | Bazaar   | Identified the Almanac of Earthen Poison
 21080 | Vaults:5 | Entered Level 5 of the Vaults
 21080 | Vaults:5 | Found the +10 dark maul {crush}
 21088 | Vaults:5 | Noticed a tentacled monstrosity
 21093 | Vaults:5 | Noticed a tentacled monstrosity
 21117 | Vaults:5 | HP: 69/181 [titan/bolt of lightning (32)]
 21122 | Vaults:5 | HP: 58/181 [tentacled monstrosity (6)]
 21123 | Vaults:5 | Killed a tentacled monstrosity
 21129 | Vaults:5 | HP: 85/181 [orc priest/divine providence[an orc knight]
                  | (8)]
 21138 | Vaults:5 | HP: 90/181 [tentacled monstrosity (1)]
 21150 | Vaults:5 | Killed a tentacled monstrosity
 21233 | Vaults:5 | HP: 79/183 [vault guard/+1 bardiche of protection (17)]
 21235 | Vaults:5 | HP: 39/183 [vault guard/+1 long sword (10)]
 21240 | Vaults:5 | HP: 23/183 [deep elf sorcerer/damnation (34)]
 21242 | Vaults:5 | Noticed a golden dragon
 21244 | Vaults:5 | Noticed a golden dragon
 21245 | Vaults:5 | HP: 41/183 [golden dragon/bolt of cold (6)]
 21251 | Vaults:5 | HP: 67/183 [golden dragon (1)]
 21251 | Vaults:5 | Killed a golden dragon
 21258 | Vaults:5 | HP: 61/183 [golden dragon (8)]
 21263 | Vaults:5 | HP: 38/183 [golden dragon (13)]
 21264 | Vaults:5 | Killed a golden dragon
 21268 | Vaults:5 | HP: 85/183 [deep troll[an ironheart preserver] (7)]
 21270 | Vaults:5 | Noticed a tentacled monstrosity
 21280 | Vaults:5 | HP: 87/183 [shadow dragon/bolt of negative energy (6)]
 21285 | Vaults:5 | HP: 65/183 [yaktaur/bolt[a vault warden] (7)]
 21292 | Vaults:5 | HP: 82/183 [yaktaur/bolt[a vault warden] (11)]
 21293 | Vaults:5 | Killed a tentacled monstrosity
 21293 | Vaults:5 | Noticed a golden dragon
 21297 | Vaults:5 | HP: 84/184 [storm dragon (3)]
 21302 | Vaults:5 | Reached XP level 19. HP: 94/193 MP: 19/19
 21318 | Vaults:5 | HP: 96/193 [vault guard/+0 battleaxe (7)]
 21338 | Vaults:5 | HP: 87/193 [stone giant/large rock (24)]
 21343 | Vaults:5 | HP: 45/193 [stone giant (30)]
 21348 | Vaults:5 | HP: 72/193 [tengu reaver/+0 great mace (7)]
 21354 | Vaults:5 | HP: 50/193 [stone giant/large rock (7)]
 21358 | Vaults:5 | Found Huere's Magic Scroll Shoppe.
 21360 | Vaults:5 | HP: 27/193 [stone giant (29)]
 21360 | Vaults:5 | HP: 7/193 [stone giant (20)]
 21365 | Vaults:5 | HP: 33/193 [stone giant (18)]
 21372 | Vaults:5 | HP: 84/193 [stone giant (18)]
 21411 | Vaults:5 | HP: 95/193 [vault warden/+3 great sword (12)]
 21416 | Vaults:5 | HP: 63/193 [storm dragon/bolt of lightning (33)]
 21421 | Vaults:5 | HP: 57/193 [vault sentinel/+0 war axe[a vault warden] (12)]
 21428 | Vaults:5 | HP: 56/193 [ironbrand convoker/+0 flail[a vault warden]
                  | (9)]
 21428 | Vaults:5 | HP: 19/193 [tengu reaver/+0 great sword of slicing (9)]
 21438 | Vaults:5 | HP: 87/193 [tengu reaver/+0 great sword of slicing (28)]
 21568 | Vaults:5 | Found the +8 storm bow {elec, penet}
 21620 | Vaults:5 | HP: 93/194 [storm dragon/bolt of lightning (16)]
 21626 | Vaults:5 | HP: 63/194 [vault guard/+0 long sword (9)]
 21667 | Vaults:5 | HP: 94/195 [deep elf high priest/divine providence (7)]
 21673 | Vaults:5 | HP: 75/195 [deep elf high priest/a malign offering (4)]
 21718 | Vaults:5 | Got a polished leather armour
 21769 | Vaults:5 | HP: 70/195 [titan/bolt of lightning (40)]
 21821 | Vaults:5 | HP: 97/195 [deep elf high priest/divine providence (9)]
 21827 | Vaults:5 | HP: 51/195 [quicksilver dragon/bolt of dispelling energy
                  | (27)]
 21853 | Vaults:5 | Gained mutation: Your magical capacity is low. (-10% MP) [a
                  | neqoxec]
 21855 | Vaults:5 | Noticed a Brimstone Fiend
 21859 | Vaults:5 | HP: 93/195 [hell beast[an ironheart preserver] (9)]
 21863 | Vaults:5 | Noticed an iron giant
 21863 | Vaults:5 | an iron dragon changed into an iron giant
 21864 | Vaults:5 | an iron giant changed into an iron dragon
 21866 | Vaults:5 | HP: 68/195 [Hell Sentinel[an ironheart preserver] (19)]
 21870 | Vaults:5 | Noticed a golden dragon
 21870 | Vaults:5 | an iron dragon changed into a golden dragon
 21871 | Vaults:5 | a golden dragon changed into an iron troll
 21874 | Vaults:5 | HP: 77/195 [Hell Sentinel[an ironheart preserver] (5)]
 21922 | Vaults:5 | HP: 91/195 [deep troll shaman[an ironheart preserver] (14)]
 21930 | Vaults:5 | HP: 57/195 [stone giant/large rock (33)]
 21931 | Vaults:5 | HP: 20/195 [storm dragon/bolt of lightning (31)]
 21933 | Vaults:5 | HP: 3/195 [stone giant/large rock (17)]
 21935 | Vaults:5 | Noticed a Brimstone Fiend
 21940 | Vaults:5 | HP: 47/195 [hell knight/bolt of fire (10)]
 21955 | Vaults:5 | HP: 4/195 [golden dragon/bolt of cold (24)]
 21966 | Vaults:5 | HP: 29/195 [vault guard/+2 great sword of pain[a vault
                  | warden] (6)]
 21972 | Vaults:5 | HP: 12/195 [phantasmal warrior (16)]
 21976 | Vaults:5 | Noticed a Tzitzimitl
 21983 | Vaults:5 | HP: 31/195 [???[an ironheart preserver] (20)]
 21985 | Vaults:5 | HP: 14/195 [storm dragon/bolt of lightning (34)]
 21985 | Vaults:5 | HP: 6/195 [golden dragon/bolt of cold (8)]
 21991 | Vaults:5 | Killed a golden dragon
 21992 | Vaults:5 | HP: 86/195 [Ice Fiend/bolt of cold[an ironheart preserver]
                  | (14)]
 22141 | Vaults:5 | Got a silver rune of Zot
 22156 | Vaults:5 | Got a transparent buckler
 22167 | Vaults:5 | Identified the -8 buckler of Jigsaw {MR+} (You acquired it
                  | on level 5 of the Vaults)
 22283 | Vaults:4 | Found a shattered altar of Ashenzari.
 22677 | Depths:1 | Entered Level 1 of the Depths
 22743 | Depths:1 | Found Baarphizot's Jewellery Shop.
 22745 | Depths:1 | Found Uthriof's Gadget Shoppe.
 22746 | Depths:1 | Found Qeixienie's Jewellery Shop.
 22791 | Depths:1 | Reached XP level 20. HP: 152/206 MP: 8/8
 22835 | Depths:1 | Bought a +2 amulet of reflection for 90 gold pieces
 22888 | Depths:2 | HP: 96/208 [spriggan berserker/+0 war axe (22)]
 22893 | Depths:2 | HP: 89/208 [death yak[a spriggan berserker] (7)]
 22913 | Depths:2 | Reached skill level 1 in Dodging
 23024 | Depths:2 | Noticed Nikola
 23038 | Depths:2 | HP: 91/208 [Nikola/chain lightning (27)]
 23042 | Depths:2 | Killed Nikola
 23060 | Depths:3 | Noticed a caustic shrike
 23060 | Depths:3 | Noticed a caustic shrike
 23061 | Depths:3 | Noticed a caustic shrike
 23061 | Depths:3 | Noticed a caustic shrike
 23069 | Depths:3 | HP: 152/312 [caustic shrike (15)]
 23070 | Depths:3 | Killed a caustic shrike
 23072 | Depths:3 | Killed a caustic shrike
 23072 | Depths:3 | Killed a caustic shrike
 23074 | Depths:3 | Noticed a caustic shrike
 23081 | Depths:3 | Killed a caustic shrike
 23092 | Depths:3 | Killed a caustic shrike
 23251 | Depths:3 | Found a one-way gate leading to the halls of Pandemonium.
 23252 | Depths:3 | Found a gateway to Hell.
 23283 | Depths:3 | HP: 101/208 [spriggan air mage/bolt of lightning (18)]
 23564 | Depths:5 | Entered Level 5 of the Depths
 23637 | Depths:5 | Reached skill level 5 in Dodging
 23814 | Depths:5 | Noticed a golden dragon
 23830 | Depths:5 | Killed a golden dragon
 23830 | Depths:5 | Reached XP level 21. HP: 190/218 MP: 8/8
 23889 | Depths:5 | Found a gate to the Realm of Zot.
 23924 | Zot:1    | Entered Level 1 of the Realm of Zot
 23975 | Zot:4    | Noticed a curse toe
 23983 | Zot:4    | HP: 155/327 [deathcap[a curse toe] (9)]
 23993 | Zot:4    | Killed a curse toe
 24049 | Zot:4    | HP: 96/218 [storm dragon/bolt of lightning (35)]
 24056 | Zot:4    | HP: 72/218 [storm dragon/bolt of lightning (24)]
 24106 | Zot:4    | Noticed an orb of fire
 24106 | Zot:4    | Gained mutation: Armour fits poorly on your strangely
                  | shaped body. [an orb of fire]
 24111 | Zot:4    | Noticed a shard shrike
 24119 | Zot:4    | HP: 102/218 [six-headed hydra simulacrum (13)]
 24123 | Zot:4    | Gained mutation: You are frail. (-10% HP) [an orb of fire]
 24124 | Zot:4    | Killed a shard shrike
 24128 | Zot:4    | Gained mutation: You are weak. (Str -2) [an orb of fire]
 24129 | Zot:4    | HP: 91/196 [orb of fire/bolt of fire (17)]
 24136 | Zot:4    | Gained mutation: You are very frail. (-20% HP) [an orb of
                  | fire]
 24139 | Zot:4    | Gained mutation: Your magical capacity is very low. (-20%
                  | MP) [an orb of fire]
 24149 | Zot:4    | Killed an orb of fire
 24166 | Zot:4    | HP: 73/175 [purple draconian annihilator/crystal spear
                  | (43)]
 24172 | Zot:4    | HP: 61/175 [purple draconian stormcaller/divine providence
                  | (4)]
 24209 | Zot:5    | Entered Level 5 of the Realm of Zot
 24271 | Zot:5    | Noticed an ancient lich
 24279 | Zot:5    | HP: 77/175 [ancient lich/bolt of cold (13)]
 24285 | Zot:5    | HP: 87/175 [ancient lich (4)]
 24290 | Zot:5    | HP: 60/175 [Orb Guardian (7)]
 24292 | Zot:5    | Killed an ancient lich
 24307 | Zot:5    | Noticed an orb of fire
 24307 | Zot:5    | Noticed a Killer Klown
 24307 | Zot:5    | Noticed an orb of fire
 24312 | Zot:5    | Noticed a Killer Klown
 24314 | Zot:5    | Noticed an orb of fire
 24322 | Zot:5    | HP: 72/176 [Killer Klown/klown pie (21)]
 24327 | Zot:5    | HP: 61/176 [orb of fire/bolt of fire (3)]
 24332 | Zot:5    | Gained mutation: You are very weak. (Str -4) [an orb of
                  | fire]
 24332 | Zot:5    | Gained mutation: Your body sometimes deteriorates upon
                  | taking damage. [an orb of fire]
 24344 | Zot:5    | Gained mutation: You tend to lose your temper in combat.
                  | [an orb of fire]
 24344 | Zot:5    | Gained mutation: Your magical capacity is extremely low.
                  | (-30% MP) [an orb of fire]
 24346 | Zot:5    | Gained mutation: You are occasionally teleported next to
                  | monsters. [an orb of fire]
 24347 | Zot:5    | Killed an orb of fire
 24349 | Zot:5    | Gained mutation: Your body often deteriorates upon taking
                  | damage. [an orb of fire]
 24349 | Zot:5    | Gained mutation: You are extremely frail. (-30% HP) [an orb
                  | of fire]
 24351 | Zot:5    | Killed a Killer Klown
 24352 | Zot:5    | Killed a Killer Klown
 24353 | Zot:5    | Noticed an ancient lich
 24366 | Zot:5    | Killed an ancient lich
 24376 | Zot:5    | Reached XP level 22. HP: 161/161 MP: 0/0
 24395 | Zot:5    | Noticed an orb of fire
 24397 | Zot:5    | Gained mutation: Your spells are a little easier to cast,
                  | but a little less powerful. [an orb of fire]
 24402 | Zot:5    | Gained mutation: You are clumsy. (Dex -2) [an orb of fire]
 24407 | Zot:5    | Gained mutation: You often lose your temper in combat. [an
                  | orb of fire]
 24414 | Zot:5    | Gained mutation: Your spells are easier to cast, but less
                  | powerful. [an orb of fire]
 24415 | Zot:5    | Killed an orb of fire
 24417 | Zot:5    | Noticed a Killer Klown
 24417 | Zot:5    | Noticed an orb of fire
 24417 | Zot:5    | HP: 70/161 [electric golem (18)]
 24420 | Zot:5    | HP: 29/161 [electric golem/bolt of lightning (32)]
 24421 | Zot:5    | HP: 12/161 [electric golem (14)]
 24427 | Zot:5    | HP: 44/161 [electric golem/bolt of lightning (18)]
 24433 | Zot:5    | HP: 27/161 [electric golem/bolt of lightning (37)]
 24438 | Zot:5    | HP: 36/161 [orb of fire/fireball (6)]
 24439 | Zot:5    | Gained mutation: You occasionally shout uncontrollably at
                  | your foes. [an orb of fire]
 24441 | Zot:5    | Gained mutation: Scrolls take you a little longer to read.
                  | [an orb of fire]
 24443 | Zot:5    | HP: 50/241 [orb of fire/bolt of fire (5)]
 24449 | Zot:5    | HP: 29/241 [orb of fire/bolt of fire (10)]
 24451 | Zot:5    | Gained mutation: Potions are less effective at restoring
                  | your health. [an orb of fire]
 24454 | Zot:5    | Killed an orb of fire
 24463 | Zot:5    | HP: 23/161 [Orb Guardian (13)]
 24463 | Zot:5    | HP: 4/161 [Orb Guardian (19)]
 24467 | Zot:5    | Mangled by an Orb Guardian

Levels and vault maps discovered:
D:1:      saegor_arrival_simple_a, layout_basic, minmay_quantized
D:2:      layout_loops_cross, due_unseen_surprise
D:3:      layout_loops_ring, nicolae_underground_beach
D:4:      layout_rooms, serial_shops, shop, first_ration,
          grunt_decor_one_mirror, minmay_misc_feat_chi, minmay_pentomino_pile
D:5:      layout_loops_cross, kennysheep_little_box, uniq_grinder
D:6:      layout_basic
D:7:      layout_basic, minmay_temple_entry_large_hall
D:8:      layout_layer_cave, david_lair_shrubbed, uniq_harold, uniq_pikel
D:9:      layout_cross, serial_shops, shop, okawaru_ov_weapons_minmay
D:10:     minmay_the_grid_4x2 [minmay_the_grid_mess,
          minmay_the_grid_minigrid_small, minmay_the_grid_holed_spiral,
          minmay_the_grid_minigrid_large, minmay_the_grid_garden,
          minmay_the_grid_embedded, minmay_the_grid_tri_star,
          minmay_the_grid_prize_trominoes], layout_rooms, david_orc_4,
          ebering_ghost_reflecting_pool, uniq_grum, uniq_maurice, uniq_psyche,
          uniq_urug
D:11:     layout_rooms
D:12:     layout_irregular_city
D:13:     layout_irregular_city, david_vaults_1, hangedman_ranch
          [blue_anna_fruit_fields], kennysheep_generic_room_14
D:14:     minmay_separated_statues, layout_rooms, basic_altar
D:15:     grunt_enter_depths_magical_seal, layout_long_grid,
          chequers_serial_rivers_marsh, uniq_azrael
Temple:   regret_index_temple_sigil_plot
Lair:1:   layout_chaotic_city, wad_woods_road_06, kennysheep_snail_temple
Lair:2:   mu_elephants_graveyard, layout_long_grid,
          nicolae_spider_entry_orb_guardian
Lair:3:   dpeg_oklob_gauntlet, layout_regular_city,
          minmay_shoals_entry_centaurs, serial_bayou_shore_b
Shoals:1: layout_shoals
Shoals:2: layout_shoals, uniq_jorgrun
Shoals:3: layout_shoals
Shoals:4: shoals_end_grunt_ice, layout_shoals, shoals_ilsuiw_ice
Spider:1: layout_spider_delve
Spider:2: layout_spider_delve, nicolae_spider_cling_ruins
Spider:3: layout_spider_delve, hangedman_spider_mandibles
Spider:4: spider_rune_water, nicolae_spider_webs_and_nodes, uniq_arachne,
          uniq_agnes
Orc:1:    layout_caves
Orc:2:    pubby_orc_utopia
Vaults:1: nicolae_vaults_circle_grid_b, vaults_dpeg_cross,
          nicolae_vaults_alarming, ontoclasm_vaults_loading_screen,
          nicolae_vaults_little_squares_6, sword_in_stone,
          ontoclasm_vaults_loading_screen, layout_vaults_omnigrid, serial_shops,
          shop
Vaults:2: ebering_vaults_ghost_reflecting_pool, nicolae_vaults_network_star,
          vaults_room_ringed_pool, v_alt_pattern_2, v_pattern_5,
          hangedman_vaults_hat, minmay_crypt_entry_nasty_monster,
          nicolae_vaults_specimen_jars, vaults_mumra_minichess,
          vaults_room_hallway, layout_vaults_ring, uniq_asterion, uniq_boris,
          uniq_margery, uniq_mennas
Vaults:3: kb_rosetta, nicolae_vaults_ring_of_whatevers,
          nicolae_vaults_bisected_slash, vaults_room_semicircle, v_misc_13,
          v_pattern_4, nicolae_vaults_rhombus_7, vaults_room_boxed,
          vaults_mumra_chevron_long, vaults_room_grid,
          nicolae_vaults_little_squares_3, layout_vaults_maze_bifur,
          serial_shops, nicolae_shop_crystal
Vaults:4: st_greater_box_4, ontoclasm_vaults_shuriken,
          ontoclasm_vaults_loading_screen, v_misc_23, ontoclasm_vaults_bender,
          v_misc_25, nicolae_vaults_twisting_passages, v_misc_3,
          nicolae_vaults_little_squares_5, v_misc_32, layout_vaults_omnibox,
          basic_altar, serial_shops, bzr_entry_lakeside
Vaults:5: serial_shops
Depths:1: layout_forbidden_donut, hell_entry, abyss_entry, chequers_big_river,
          mu_enter_wizlab_3, nemelex_diamond_rough_becter,
          infiniplex_staircase_pool_lava, minmay_shop_grove
Depths:2: gammafunk_its_a_trap, layout_basic, enter_ziggurat_b,
          hangedman_abyss_or_decor_slice, hangedman_tar_grid_catacomb,
          nemelex_xobeh_ov_fountains_minmay, infiniplex_staircase_pool_2,
          firewood_loft, uniq_sojobo, uniq_nikola
Depths:3: hangedman_slaughterboxes, hell_entry, pan_entry
Depths:4: emtedronai_trogs_sanctum, layout_basic, hell_entry,
          abyss_entry_crystal, chequers_serial_rivers_micro_d, pan_entry,
          minmay_strange_pillars, kennysheep_generic_room_12, uniq_xtahua
Depths:5: grunt_zot_entry_hairpin, layout_cave_pools, hellmouth_1,
          grunt_decor_clamped
Zot:1:    layout_basic, grunt_megastairs_3
Zot:2:    layout_concentric_octagons, lemuel_baited_zot_trap
Zot:3:    layout_misc_corridors
Zot:4:    regret_index_qazlal_generations, layout_twisted_circle,
          hangedman_elemental_grid_stream
Zot:5:    layout_twisted_circle

Skill      XL: |  1  2  3  4  5  6  7  8  9 10 11 12 13 14 15 16 17 18 19 20 21 22 |
---------------+-------------------------------------------------------------------+-----
Axes           | 3 4 5 6 8 10 11 12 14 15 16 17 18 19 | 19.4
Fighting       | 3 4 5 6 7 8 9 10 11 12 15 17 18 19 20 | 20.8
Armour         | 4 5 6 7 8 9 10 11 12 13 14 16 17 18 19 20 | 20.0
Shields        | 4 5 6 7 8 9 10 11 12 13 14 15 | 15.0
Invocations    | 2 5 7 9 11 12 13 15 16 | 16.8
Dodging        | 5 8 |  8.7

Action                   |  1- 3 |  4- 6 |  7- 9 | 10-12 | 13-15 | 16-18 | 19-21 | 22-24 || total
-------------------------+-------+-------+-------+-------+-------+-------+-------+-------++-------
Melee: War axe           |    86 |   238 |   354 |   790 |   706 |       |       |       ||  2174
       Hand axe          |       |       |       |     4 |    37 |       |       |       ||    41
       Broad axe         |       |       |       |       |   857 |  1368 |  1099 |    50 ||  3374
Invok: Greater Servant o |       |       |       |       |       |     8 |     4 |       ||    12
 Abil: Heal Wounds       |     1 |     5 |    10 |     7 |    13 |    36 |    61 |       ||   133
Evoke: Wand              |       |       |     4 |       |       |       |       |       ||     4
  Use: Scroll            |       |    11 |     5 |    12 |    21 |     4 |    15 |     1 ||    69
       Potion            |       |       |       |       |     1 |     4 |     6 |    10 ||    21
 Stab: Distracted        |       |       |       |       |       |     2 |     1 |       ||     3
  Eat: Chunk             |       |     5 |    14 |    10 |    22 |    11 |     3 |       ||    65
       Ration            |       |       |       |     3 |     1 |     1 |     3 |       ||     8
Armor: Scale mail        |    33 |    40 |       |       |       |       |       |       ||    73
       Chain mail        |       |   121 |    37 |       |       |       |       |       ||   158
       Plate armour      |       |       |   137 |   363 |       |       |       |       ||   500
       Gold dragon scale |       |       |       |   270 |  1042 |  1106 |   755 |    19 ||  3192
       Skin              |       |       |       |       |       |       |     5 |       ||     5
Dodge: Dodged            |    27 |    54 |    62 |   164 |   275 |   284 |   272 |    14 ||  1152
Block: Shield            |    49 |   154 |   211 |   544 |  1036 |  1048 |   805 |    33 ||  3880
       Reflection        |       |       |       |       |       |       |    20 |     1 ||    21
